 Dungeon Crawl Stone Soup version 0.27-a0-1149-g4505690ab0 (webtiles) character file.

Game seed: 17734285761909952257

77 maiser the Digger (level 4, 0/24 HPs)
             Began as a Gargoyle Earth Elementalist on May 13, 2021.
             Slain by Ijyb
             ... wielding a +0 dagger
              (3 damage)
             ... on level 3 of the Dungeon.
             The game lasted 00:05:20 (2702 turns).

maiser the Digger (Gargoyle Earth Elementalist)     Turns: 2702, Time: 00:05:20

Health: 0/24       AC:  6    Str: 11      XL:     4   Next: 33%
Magic:  0/8        EV: 11    Int: 16 (17) God:
Gold:   148        SH:  0    Dex:  8 (10) Spells: 5/9 levels left

rFire    . . .     SeeInvis .   d - +0 short sword
rCold    . . .     Faith    .   (no shield)
rNeg     + . .     Spirit   .   c - +0 robe
rPois    ∞         Reflect  .   (no helmet)
rElec    +         Harm     .   a - +0 cloak
rCorr    .         Rampage  .   (no gloves)
Will     .....                  (no boots)
Stlth    ++........             (no amulet)
HPRegen  0.08/turn              (no ring)
MPRegen  0.11/turn              (no ring)

@: no status effects
A: sickness immunity, AC +3, negative energy resistance 1, electricity
resistance, torment resistance 1, petrification resistance
a: no special abilities


You were on level 3 of the Dungeon.
You visited 1 branch of the dungeon, and saw 3 of its levels.

You collected 148 gold pieces.

Inventory:

Hand Weapons
 d - a +0 short sword (weapon)
Missiles
 b - 92 stones
Armour
 a - a +0 cloak (worn)
 c - a +0 robe (worn)
Scrolls
 e - a scroll of teleportation
Potions
 l - a potion of flight


   Skills:
 - Level 1.5 Dodging
 - Level 2.1 Stealth
 + Level 3.0 Spellcasting
 + Level 1.4 Conjurations
 - Level 0.7 Transmutations
 + Level 4.8 Earth Magic


You had 5 spell levels left.
You knew the following spells:

 Your Spells              Type           Power      Damage    Failure   Level
a - Sandblast             Erth           34%        2d9       2%          1
b - Stone Arrow           Conj/Erth      24%        3d8       16%         3

Your spell library contained the following spells:

 Spells                   Type           Power      Damage    Failure   Level
 Passwall                 Tmut/Erth      9%         N/A       9%          2
 Summon Small Mammal      Summ           8%         N/A       19%         1
 Call Imp                 Summ           2%         N/A       28%         2
 Call Canine Familiar     Summ           2%         N/A       50%         3
 Summon Guardian Golem    Hex/Summ       2%         N/A       50%         3
 Petrify                  Tmut/Erth      11%        N/A       52%         4
 Lee's Rapid Deconstruct  Erth           8%         3d8*      58%         5
 Summon Ice Beast         Ice/Summ       2%         N/A       88%         4
 Summon Lightning Spire   Summ/Air       2%         N/A       88%         4


Dungeon Overview and Level Annotations

Branches:
Dungeon (3/15)

Altars:

Annotations:
D:3 Ijyb


Innate Abilities, Weirdness & Mutations

You are immune to sickness and miasma.
Your stone body is resilient. (AC +3)
You are immune to poison.
You resist negative energy. (rN+)
You are resistant to electric shocks. (rElec)
You are resistant to unholy torment.
You are immune to petrification.


Message History

Unknown command.
You're too confused to cast spells.
Sorry, you're not good enough to have a special ability.
Unknown command.
Unknown command.
You bump into the rock wall.
You feel less confused. Ijyb screams, "I dance on your bones!"
Ijyb hits you with a +0 dagger.
* * * LOW HITPOINT WARNING * * *
You barely miss Ijyb.
Ijyb is almost dead.
Ijyb barely misses you.
Unknown command.
Casting: Sandblast (safe; 2% risk of failure)
Confirm with . or Enter, or press ? or * to list all spells.
Aiming: Sandblast (safe; 2% risk of failure)
Press: ? - help, Shift-Dir - straight line, f/p - Ijyb
Aim: Ijyb, wielding a +0 dagger and wearing a +0 chain mail (almost dead, 79% to hit)
The blast of sand hits Ijyb but does no damage.
Ijyb is almost dead.
Ijyb hits you with a +0 dagger.
* * * LOW HITPOINT WARNING * * *
Casting: Sandblast (safe; 2% risk of failure)
Confirm with . or Enter, or press ? or * to list all spells.
Aiming: Sandblast (safe; 2% risk of failure)
Press: ? - help, Shift-Dir - straight line, f/p - Ijyb
Aim: Ijyb, wielding a +0 dagger and wearing a +0 chain mail (almost dead, 79% to hit)
The blast of sand misses Ijyb.
Ijyb hits you with a +0 dagger.
* * * LOW HITPOINT WARNING * * *
Unknown command.
Casting: Sandblast (safe; 2% risk of failure)
Confirm with . or Enter, or press ? or * to list all spells.
Aiming: Sandblast (safe; 2% risk of failure)
Press: ? - help, Shift-Dir - straight line, f/p - Ijyb
Aim: Ijyb, wielding a +0 dagger and wearing a +0 chain mail (almost dead, 79% to hit)
The blast of sand hits Ijyb but does no damage.
Ijyb is almost dead.
Ijyb hits you with a +0 dagger.
You die...

#.. .# #..##+#.##
# .. ..... ###.#.
#..# #...#.##..#
#.........#
#.........# #
#.........#####.#
##..........g@..#
.?........########
...##.....#
..........# .
........#
........######
....#.........#
...#.........#
.............####


You could see Ijyb.

Vanquished Creatures
  Terence (D:3)
  A gnoll (D:1)
  2 dart slugs
  2 giant cockroaches
  3 hobgoblins
  6 jackals (D:2)
  4 quokkas
  5 ball pythons
  A bat (D:2)
  2 frilled lizards
  7 kobolds
  3 rats
37 creatures vanquished.

Notes
Turn   | Place    | Note
-------+----------+-------------------------------------------
     0 | D:1      | maiser the Gargoyle Earth Elementalist began the quest for
                  | the Orb.
     0 | D:1      | Reached XP level 1. HP: 10/10 MP: 3/3
   432 | D:1      | Reached skill level 4 in Earth Magic
   432 | D:1      | Reached XP level 2. HP: 14/15 MP: 0/5
   793 | D:1      | Found a faded altar of an unknown god.
   981 | D:1      | Reached XP level 3. HP: 19/19 MP: 6/6
   985 | D:1      | Learned a level 3 spell: Stone Arrow
  2304 | D:3      | Reached skill level 1 in Conjurations
  2331 | D:3      | Noticed Terence
  2384 | D:3      | Killed Terence
  2385 | D:3      | Reached XP level 4. HP: 8/24 MP: 0/8
  2638 | D:3      | Noticed Ijyb
  2702 | D:3      | Slain by Ijyb

Illustrated notes

Levels and vault maps discovered:
D:1:      evilmike_arrival_plus, layout_rooms, ebering_ecumenical_altar_mist,
          chequers_mini_garden, serial_park_tiny_pond
D:2:      layout_loops_cross, minmay_curled_crystal, serial_bayou_pond_e
D:3:      layout_basic, ebering_ghost_rock_garden, serial_shops,
          nicolae_shop_temple_entry_statues_fountains, uniq_ijyb, uniq_terence,
          uniq_robin

Skill      XL: |  1  2  3 |
---------------+----------+-----
Earth Magic    | 4 |  4.8
Conjurations   | 1 |  1.4
Spellcasting   | 3 |  3.0
Dodging        | |  1.5
Stealth        | |  2.1
Transmutations | |  0.7

Action                   |  1- 3 |  4- 6 || total
-------------------------+-------+-------++-------
Melee: Unarmed           |     4 |       ||     4
       Short sword       |   128 |    11 ||   139
 Cast: Sandblast         |    23 |    11 ||    34
       Stone Arrow       |       |     1 ||     1
  Use: Potion            |     7 |     1 ||     8
       Scroll            |     2 |       ||     2
 Stab: Sleeping          |     3 |       ||     3
Armor: Robe              |    42 |    25 ||    67
Dodge: Dodged            |    88 |    12 ||   100

Table legend: (Time is in decaauts)
 A = Elapsed time spent in this place.
 B = Non-inter-level travel time spent in this place.
 C = Inter-level travel time spent in this place.
 D = Time resting spent in this place.
 E = Time spent auto-exploring this place.
 F = Levels seen in this place.
 G = Mean time per level.
                   A        B        C        D        E       F      G
               +--------+--------+--------+--------+--------+-----+--------+
         Total |   2701 |   2617 |     84 |    410 |   1728 |   3 |  900.3 |
       Dungeon |   2701 |   2617 |     84 |    410 |   1728 |   3 |  900.3 |
               +--------+--------+--------+--------+--------+-----+--------+

Top non-repeatable levels by time:
     D:1: 1159 daAuts
     D:2: 1034 daAuts
     D:3: 507 daAuts
